[Event "Live Chess"]
[Site "Chess.com"]
[Date "2024.06.02"]
[Round "-"]
[White "Zhevzh1k7"]
[Black "McFim"]
[Result "0-1"]
[WhiteElo "1128"]
[BlackElo "1819"]
[TimeControl "300"]
[EndTime "8:45:07 PDT"]
[Termination "McFim won by checkmate"]

1. e4 c6 2. d4 d5 3. Nc3 dxe4 4.
Nxe4 Nd7 5. Nf3 Ndf6 6. Ng3 Bg4 7. Be2 e6 8. h3 Bxf3 9. Bxf3 Ne7 10.
O-O Ng6 11. Bg5 h6 12. Bxf6 Qxf6 13. Ne4 Qd8 14. Re1 Be7 15. Nc3 Bf6 16. Ne2 O-O 17. Qd3 Ne7 18. c3 Qc7 19. Ng3 Rad8 20. Ne4 Nd5 21. c4 Nf4 22. Qc3 Bxd4 23. Qc2 c5 24.
Rad1 Qb6 25. b3 Ng6 26. Ng3 Qc7 27. Bh5 Qxg3 28. Kh1 Qg5 29. Bxg6 Qxg6 30. Qxg6 fxg6 31. Rxe6 Rxf2 32. Kh2 Rf6 33. Re7 Rf7 34. Rxf7 Kxf7 35. Rf1+ Bf6 36. Re1 Rd2 37. a3 Rd3 38. b4 Rxa3 39.
bxc5 Rc3 40. Re4 a5 41. Re1 Rxc4 42. Rb1 Rxc5 43. Rxb7+ Be7 44. Ra7 g5 45. Kg3 h5 46.
Kf3 g6 47. g4 h4 48. Ke4 Ke6 49. Ra6+ Bd6 50. Kd4 Rb5 51. Kc4 Rb4+ 52. Kc3 Ra4 53.
Kb3 Ra3+ 54. Kb2 Rxh3 55. Rxa5 Bf4 56. Ra6+ Kf7 57. Ra7+ Kg8 58. Kc2 Rg3 59. Ra8+ Kg7 60.
Ra7+ Kh6 61. Ra8 Rxg4 62. Rh8+ Kg7 63. Re8 h3 64. Re7+ Kf6 65. Rb7 h2 66. Rb6+ Kg7 67. Rb7+ Kh6 68. Rb1 Rg1 69. Rxg1 hxg1=Q 70. Kc3 Qd1 71. Kc4 Bh2 72. Kc5 Qd3 73. Kc6 g4 74. Kc5 g3 75.
Kb4 Kg5 76. Kc5 Kf4 77. Kb4 Qc2 78. Kb5 Qc3 79. Kb6 Qc4 80. Ka5 Qb3 81. Ka6 Ke5 82.
Ka5 Kd5 83. Ka6 Kc6 84. Ka7 Qb7# 0-1

[Event "Live Chess"]
[Site "Chess.com"]
[Date "2024.06.02"]
[Round "-"]
[White "willc-h99"]
[Black "MagnersCarlsberg2870"]
[Result "1-0"]
[WhiteElo "2546"]
[BlackElo "1746"]
[TimeControl "300"]
[EndTime "8:45:25 PDT"]
[Termination "willc-h99 won by resignation"]

1. d4 Nf6 2. Nc3 e6 3. g4 Bb4 4. Bg2 Nxg4 5. e4 h5 6. e5 Qh4 7.
Nh3 O-O 8. Bg5 f6 9. Bxh4 Nxf2 10. Bxf2 Bxc3+ 11. bxc3 1-0

[Event "Live Chess"]
[Site "Chess.com"]
[Date "2024.06.02"]
[Round "-"]
[White "ZatixMajor"]
[Black "friarnator"]
[Result "0-1"]
[WhiteElo "2039"]
[BlackElo "2210"]
[TimeControl "300"]
[EndTime "8:45:28 PDT"]
[Termination "friarnator won by resignation"]

1. c4 Nf6 2. g3 g6 3. Bg2 Bg7 4.
Nc3 O-O 5. e4 d6 6. Nge2 c5 7. O-O Nc6 8. d3 Rb8 9. a3 a6 10. Rb1 b5 11. b4 cxb4 12. axb4 bxc4 13. dxc4 Rxb4 14. Rxb4 Nxb4 15. Nd4 Qc7 16. Qb3 Nd3 17. Ba3 Nc5 18. Qa2 Bb7 19. Rb1 Ncxe4 20. Qc2 Qxc4 21. Rxb7 Qxc3 22. Bxe4 Nxe4 23. Qxe4 Qxa3 24. Nc6 e6 25. Qc4 d5 26. Qe2 Qc1+ 0-1

[Event "Live Chess"]
[Site "Chess.com"]
[Date "2024.06.02"]
[Round "-"]
[White "beltmanjb"]
[Black "Pandreq"]
[Result "1-0"]
[WhiteElo "1734"]
[BlackElo "1221"]
[TimeControl "300"]
[EndTime "8:45:32 PDT"]
[Termination "beltmanjb won by resignation"]

1. d4 d5 2. c4 c6 3. Nf3 Nf6 4. g3 Bf5 5. Nc3 e6 6. Qb3 Qc8 7. Nh4 Bg6 8. Bg2 Nbd7 9. O-O Be7 10. Nxg6 hxg6 11. Bf4 Nb6 12. c5 Nbd7 13. Qc2 b6 14. b4 bxc5 15. bxc5 Rb8 16. Bxb8 Nxb8 17. Rab1 Na6 18.
Qa4 Nxc5 19. dxc5 Bxc5 20. Rfc1 Bb6 21. e4 Ng4 22. Nd1 Nf6 23. Rxc6 Qd7 24. Rc8+ Ke7 25. Qxd7+ Nxd7 26. Rxh8 1-0

[Event "Live Chess"]
[Site "Chess.com"]
[Date "2024.06.02"]
[Round "-"]
[White "Cruiseylee78"]
[Black "Pablo_dmp"]
[Result "0-1"]
[WhiteElo "1682"]
[BlackElo "1987"]
[TimeControl "300"]
[EndTime "8:45:33 PDT"]
[Termination "Pablo_dmp won by resignation"]

1. d4 Nf6 2. Bf4 c5 3. e3 Nc6 4. c3 g6 5. Bd3 Bg7 6. Qc2 Nd5 7.
Bc4 Nb6 8. Bd3 c4 9. Be2 d5 10. Nf3 Bf5 11. Qc1 O-O 12. Nbd2 f6 13. h3 e5 14. g4 Be6 15. Bg3 a5 16. Qc2 Rc8 17.
b3 Qe7 18. bxc4 Nxc4 19. Bxc4 dxc4 20. Rb1 Rcd8 21. dxe5 fxe5 22. Bh4 Bf6 23. Bxf6 Qxf6 24. Rxb7 Bd5 25. e4 Nd4 26. cxd4 Bxb7 27. dxe5 Qf4 28.
Qxc4+ Kh8 29. Ke2 Ra8 30. Qc7 Ba6+ 31. Ke1 Rac8 0-1

[Event "Live Chess"]
[Site "Chess.com"]
[Date "2024.06.02"]
[Round "-"]
[White "FlyingChessKestrel13"]
[Black "PatientChessPapa"]
[Result "1-0"]
[WhiteElo "2079"]
[BlackElo "797"]
[TimeControl "300"]
[EndTime "8:45:39 PDT"]
[Termination "FlyingChessKestrel13 won on time"]

1. e4 d5 2. exd5 Nf6 3. c4 e6 4. dxe6 Bxe6 5. Nc3 Nc6 6. Nf3 Qe7 7. Qe2 O-O-O 8. a3 Bf5 9. Qxe7 Bxe7 10. Be2 Rhe8 11. O-O Bc5 12. b4 Bd4 13. Nxd4 Nxd4 14. Bd1 Ng4 15. Bxg4 Bxg4 16. h3 Bh5 17. d3 f6 18. Ra2 g5 19. Be3 Nf5 20. Bd2 Bg6 21. Ne4 Rxd3 22. Nxf6 Red8 23. Bxg5 Rd2 24. Rxd2 Rxd2 25.
Bxd2 1-0

[Event "Live Chess"]
[Site "Chess.com"]
[Date "2024.06.02"]
[Round "-"]
[White "Frankie_Badacsonyi"]
[Black "bobby_jamesFischer86"]
[Result "1-0"]
[WhiteElo "2350"]
[BlackElo "1630"]
[TimeControl "300"]
[EndTime "8:45:43 PDT"]
[Termination "Frankie_Badacsonyi won by resignation"]

1. d4 d5 2. e3 c5 3. Bd3 Nc6 4. c3 c4 5. Be2 Nf6 6. f4 Bf5 7. Nf3 e6 8. O-O Bd6 9. Nbd2 O-O 10. Ne5 Ne4 11. Nxe4 Bxe4 12. Bf3 Bxf3 13. Rxf3 f6 14.
Nxc6 bxc6 15. Qe2 e5 16. Rf1 e4 17. b3 cxb3 18. axb3 a5 19. c4 Qb8 20. Qc2 Bb4 21. Ba3 Qb7 22. Bxb4 axb4 23. cxd5 cxd5 24. Qc5 Rxa1 25.
Rxa1 Ra8 26. Rxa8+ Qxa8 27. Qxb4 Qa1+ 28. Kf2 Qb2+ 29. Kg3 Qe2 30. Qc3 h5 31. h3 g5 32.
fxg5 fxg5 33. Qc8+ Kg7 34. Qd7+ Kf8 35. Qd8+ Kf7 36. Qxg5 h4+ 37. Kh2 Qe1 38. b4 Qxb4 39. Qxd5+ Kf6 40. Qe5+ Kf7 41. Qxe4 Qe1 42. Qf4+ Ke6 43.
e4 Qd1 44. d5+ Ke7 45. Qxh4+ Kd6 46. Qf4+ Kc5 47. d6 1-0

[Event "Live Chess"]
[Site "Chess.com"]
[Date "2024.06.02"]
[Round "-"]
[White "Inglaterra"]
[Black "booktrunk"]
[Result "1-0"]
[WhiteElo "2049"]
[BlackElo "1472"]
[TimeControl "300"]
[EndTime "8:45:50 PDT"]
[Termination "Inglaterra won by checkmate"]

1. e4 d5 2. exd5 Qxd5 3. Nf3 Bg4 4. Be2 c6 5. O-O Nd7 6. d4 O-O-O 7. h3 Be6 8. Be3 Ndf6 9. c4 Qa5 10. Nc3 Bd7 11.
a3 e6 12. b4 Qc7 13. Qb3 Re8 14. c5 Kb8 15. a4 Bc8 16. b5 cxb5 17. axb5 Ne7 18. b6 axb6 19. cxb6 Qc6 20. Ra8+ Kxa8 21. Qa3+ Kb8 22. Qa7# 1-0

[Event "Live Chess"]
[Site "Chess.com"]
[Date "2024.06.02"]
[Round "-"]
[White "jimwad"]
[Black "NottheBishopSacrifice"]
[Result "1-0"]
[WhiteElo "1346"]
[BlackElo "2339"]
[TimeControl "300"]
[EndTime "8:45:56 PDT"]
[Termination "jimwad won by checkmate"]

1. d4 d5 2. c4 e6 3. Nc3 Nf6 4.
Bg5 Be7 5. e3 O-O 6. Nf3 h6 7. Bh4 Ne4 8. Bxe7 Qxe7 9. Nxe4 dxe4 10. Nd2 f5 11. c5 c6 12. b4 e5 13. Bc4+ Be6 14. O-O exd4 15. exd4 Bxc4 16. Nxc4 Nd7 17. Re1 Nf6 18. f3 Nd5 19. fxe4 fxe4 20. Ne5 Qh4 21. Ng6 Qg5 22. Nxf8 Rxf8 23. Rxe4 Qf5 24. Qe1 Qf6 25. Re5 Qf4 26. Re4 Qf5 27. a3 Nf4 28. Re8 Nd5 29. Rxf8+ Qxf8 30. Qf2 Qe7 31. Re1 Qg5 32.
Re8+ Kh7 33. Re5 Qc1+ 34. Qf1 Qc2 35. Qf5+ Qxf5 36. Rxf5 Kg6 37. Re5 Kf6 38. Kf2 Nf4 39.
Kf3 Nd5 40. g4 g6 41. h4 g5 42. h5 Kf7 43. Ke4 Kf6 44. Rf5+ Ke6 45. Rf8 Nf6+ 46.
Kf3 Nd7 47. Rh8 Kd5 48. Rxh6 Kxd4 49. Rd6+ Kc4 50. Rxd7 Kb3 51. h6 Kxa3 52. h7 Kxb4 53. h8=Q a5 54. Qd4+ Kb3 55. Qd1+ Kb4 56. Qc2 Kb5 57.
Rd4 b6 58. Qc4# 1-0

[Event "Live Chess"]
[Site "Chess.com"]
[Date "2024.06.02"]
[Round "-"]
[White "Plimsol"]
[Black "CheckThis4"]
[Result "0-1"]
[WhiteElo "2390"]
[BlackElo "2682"]
[TimeControl "300"]
[EndTime "8:46:01 PDT"]
[Termination "CheckThis4 won on time"]

1. e4 d5 2. exd5 c6 3. c4 cxd5 4. d4 Nf6 5. Nc3 g6 6. Qb3 Bg7 7. cxd5 O-O 8. Be2 Nbd7 9. Bf3 Nb6 10. Bg5 h6 11. Bxf6 Bxf6 12. Rd1 Bf5 13. Nge2 Qd7 14.
h3 g5 15. Ng3 Bg6 16. Nge4 Bg7 17. Nc5 Qc8 18. O-O Bxd4 19. Rxd4 Qxc5 20. Rfd1 Rad8 21. Be4 e5 22. R4d2 f5 23. Bb1 e4 24. a3 Rd6 25.
Nb5 Rd7 26. Ba2 Bf7 27. Nc3 e3 28. fxe3 Qxe3+ 29. Kh1 Rfd8 30. Qc2 Qe5 31. Re2 Qf6 32. Rde1 Nxd5 33. Bxd5 Bxd5 34. Nxd5 Rxd5 35. Re6 Qf7 36.
Re7 Qf6 37. Qb3 Kf8 38. R7e6 Qf7 39. Rxh6 Kg7 40. Rhe6 Rd3 41. Qc2 R8d7 42. Kh2 g4 43.
Qe2 g3+ 44. Kg1 R3d6 45. Qe5+ Kh7 46. Rxd6 Rc7 47. Rf6 Qh5 48. Qxc7+ Kg8 49. Qd8+ Qe8 0-1

[Event "Live Chess"]
[Site "Chess.com"]
[Date "2024.06.02"]
[Round "-"]
[White "grillage"]
[Black "DarranAS"]
[Result "1-0"]
[WhiteElo "1878"]
[BlackElo "1410"]
[TimeControl "300"]
[EndTime "8:46:02 PDT"]
[Termination "grillage won on time"]

1. d4 d5 2. Nf3 Nf6 3. c4 c6 4. Qc2 g6 5. Bf4 Bf5 6. Qb3 Qb6 7. e3 Qxb3 8. axb3 Nbd7 9. Nc3 Bg7 10. Be2 Nh5 11.
Bc7 O-O 12. h3 Nhf6 13. O-O a6 14. c5 Ne4 15. Na4 Rfe8 16. Nb6 Nxb6 17. Bxb6 e5 18. Nxe5 Bxe5 19. dxe5 Rxe5 20. Rfd1 Rae8 21. Ra4 Nf6 22.
Rb4 Nd7 23. Bc7 Nxc5 24. Bxe5 Rxe5 25. Rc1 Ne4 26. Rxb7 Re6 27. Bxa6 c5 28. Ra7 Rb6 29.
f3 Nd2 30. Rxc5 Be6 31. Bc8 Rxb3 32. Bxe6 Rxb2 33. Bxf7+ Kg7 34. Bxd5+ Kh6 35. Rcc7 Rb1+ 36. Kf2 Rb5 37. Rxh7+ Kg5 38. h4+ Kf6 39. Rhf7+ Ke5 40.
Bc6 Rb2 41. Rae7+ Kd6 42. Rd7+ Kxc6 43. Rc7+ Kd6 44. Rfd7+ Ke6 45. Kg3 Rb3 46. Rxd2 Rxe3 47. Rdd7 Re2 48. Rg7 1-0

[Event "Live Chess"]
[Site "Chess.com"]
[Date "2024.06.02"]
[Round "-"]
[White "ivan_1968"]
[Black "TC2304"]
[Result "1-0"]
[WhiteElo "1837"]
[BlackElo "2316"]
[TimeControl "300"]
[EndTime "8:46:04 PDT"]
[Termination "ivan_1968 won by checkmate"]

1. d4 Nf6 2. c4 c5 3. dxc5 e6 4. Nc3 Bxc5 5. g3 O-O 6. Bg2 Nc6 7. Nh3 d6 8. O-O Ne5 9. b3 Qc7 10. Bb2 Bd7 11. Nf4 Bc6 12. e4 Rfd8 13. Qe2 Neg4 14.
Nd3 Bd4 15. h3 Nh6 16. Rad1 e5 17. Kh2 b6 18. Nd5 Bxd5 19. cxd5 Bxb2 20. Qxb2 Rac8 21.
Rc1 Qb7 22. Nb4 Nd7 23. Nc6 Re8 24. b4 b5 25. Rc2 f6 26. Rfc1 Kf8 27. Bf3 Nf7 28.
Bg4 Nd8 29. Bxd7 Qxd7 30. Nxe5 fxe5 31. Rxc8 Nf7 32. Qc3 Nd8 33. Qc7 Ke7 34. Qxd7+ Kxd7 35. R8c7# 1-0

[Event "Live Chess"]
[Site "Chess.com"]
[Date "2024.06.02"]
[Round "-"]
[White "Ginger_GM"]
[Black "Ferrarifan27"]
[Result "1-0"]
[WhiteElo "2666"]
[BlackElo "2146"]
[TimeControl "300"]
[EndTime "8:46:08 PDT"]
[Termination "Ginger_GM won by resignation"]

1. e4 e5 2. f4 exf4 3. Bc4 Qh4+ 4. Kf1 Nc6 5. d4 d6 6. Nc3 Nf6 7. Nf3 Qh5 8. Bxf4 Bg4 9. Kf2 O-O-O 10. Bb5 Bxf3 11.
gxf3 Ne7 12. h4 Ng6 13. Bg3 Be7 14. Be2 Nd7 15. f4 Qh6 16. f5 Nf4 17. Qc1 Nxe2 18. Qxh6 gxh6 19. Nxe2 Nf6 20. Kf3 Rhg8 21. c4 Nh5 22.
Rag1 Nxg3 23. Rxg3 Rxg3+ 24. Nxg3 Rg8 25. Ne2 Bf6 26. b4 Kd7 27. d5 c6 28. Nf4 Be5 29.
Rh3 Bxf4 30. Kxf4 Rg2 31. Ra3 a6 32. dxc6+ Kxc6 33. Ra5 Rc2 34. c5 Rc4 35. cxd6 Kxd6 36.
Rd5+ Ke7 37. a3 Rc3 38. e5 Rxa3 39. f6+ Ke8 40. Rd6 b5 41. Rb6 Ra4 42. Kf5 Rxb4 43. Rb8+ Kd7 44. Rf8 Rb1 45. Rxf7+ Kc6 46. e6 Rf1+ 47. Kg4 Kd6 48. e7 Kd7 49. Rf8 Re1 50.
Rd8+ Kc7 51. e8=Q Rxe8 52. Rxe8 1-0

[Event "Live Chess"]
[Site "Chess.com"]
[Date "2024.06.02"]
[Round "-"]
[White "gobbles19"]
[Black "Purple1szed"]
[Result "1-0"]
[WhiteElo "2244"]
[BlackElo "1998"]
[TimeControl "300"]
[EndTime "8:46:19 PDT"]
[Termination "gobbles19 won by resignation"]

1. e4 e5 2. d4 exd4 3. c3 d5 4.
exd5 Qxd5 5. cxd4 Nc6 6. Nf3 Bg4 7. Be2 O-O-O 8. Nc3 Bb4 9. O-O Qa5 10. Be3 Nf6 11. a3 Bxc3 12. bxc3 Qxc3 13. Qa4 Qa5 14. Qb3 Bxf3 15. Bxf3 Qb6 16. Qxf7 Nxd4 17. Bxd4 Qxd4 18.
Rfd1 Qe5 19. g3 Rd7 20. Qb3 c6 21. Rac1 Rxd1+ 22. Rxd1 Qc7 23. Qe6+ Kb8 24. Rb1 Re8 25. Qxc6 Qxc6 26. Bxc6 Re7 27. Kg2 Kc8 28. Bf3 b6 29. h4 Rc7 30. Rb3 h6 31. Re3 Kd7 32. g4 Kd6 33.
Kg3 Rc5 34. Rd3+ Kc7 35. Bg2 a5 36. f4 Nd7 37. g5 hxg5 38. fxg5 Ne5 39. Re3 Ng6 40. Be4 Ne5 41. Kf4 Kd6 42. h5 Nf7 43.
Rg3 b5 44. Rd3+ Kc7 45. Bd5 Nd6 46. h6 gxh6 47. gxh6 Rc1 48. h7 Rf1+ 49. Kg5 Rg1+ 50. Kh5 Nf7 51. Bxf7 Rh1+ 52. Kg6 b4 53. axb4 axb4 54.
Rb3 Rh4 55. Rxb4 1-0

[Event "Live Chess"]
[Site "Chess.com"]
[Date "2024.06.02"]
[Round "-"]
[White "stevochess11"]
[Black "Trendle"]
[Result "0-1"]
[WhiteElo "1707"]
[BlackElo "2599"]
[TimeControl "300"]
[EndTime "8:46:21 PDT"]
[Termination "Trendle won by resignation"]

1. d4 Nf6 2. Nf3 e6 3. e3 b6 4. Bd3 Bb7 5. Nbd2 c5 6. c4 Be7 7. O-O O-O 8. d5 exd5 9. cxd5 Nxd5 10. Ne5 Nc6 11. Ndf3 Bf6 12. e4 Nxe5 13. exd5 Nxd3 14. Qxd3 d6 15. Bf4 Qd7 16. Bg5 Bxg5 17. Nxg5 g6 18. Qh3 Qxh3 19. Nxh3 Bxd5 20. Rad1 Bxa2 21. Rxd6 Rfd8 22.
Rfd1 Rxd6 23. Rxd6 Kf8 24. Ng5 Ke7 25. Rd2 h6 26. Re2+ Kf6 27. Ne4+ Kg7 28. Nd6 Be6 29. h3 Rd8 30. Nb7 Rd7 0-1

[Event "Live Chess"]
[Site "Chess.com"]
[Date "2024.06.02"]
[Round "-"]
[White "Dhaydon19"]
[Black "uselessduffer"]
[Result "0-1"]
[WhiteElo "2645"]
[BlackElo "2403"]
[TimeControl "300"]
[EndTime "8:46:32 PDT"]
[Termination "uselessduffer won by resignation"]

1. e4 g6 2. d4 Bg7 3. Nf3 d6 4.
Bc4 Nf6 5. Qe2 O-O 6. h3 Nc6 7. c3 e5 8. dxe5 dxe5 9. Nbd2 Nh5 10. g3 Qe7 11. Nf1 Be6 12. Ne3 Rfe8 13. Bxe6 Qxe6 14. Nd5 Rac8 15. Be3 Ne7 16. Ng5 Qc6 17. O-O-O Nxd5 18. Rxd5 Nf6 19. Rc5 Qa4 20. Qc4 Qxc4 21. Rxc4 c6 22.
a4 a6 23. a5 Bf8 24. Rd1 Rcd8 25. Rxd8 Rxd8 26. Nf3 Nd7 27. g4 f6 28. Kc2 Kf7 29. Nd2 Ke6 30. Ra4 Nc5 31. Rb4 Rd7 32. Rb6 Na4 33.
Rb3 Nc5 34. Ra3 Nd3 35. Ra1 Bc5 36. Bxc5 Nxc5 37. f3 Rxd2+ 38. Kxd2 Nb3+ 39. Kd3 Nxa1 40. b4 Kd6 41. c4 c5 42. b5 Nb3 43. bxa6 bxa6 44.
f4 exf4 0-1

[Event "Live Chess"]
[Site "Chess.com"]
[Date "2024.06.02"]
[Round "-"]
[White "Vladyslav2008"]
[Black "E2E4colchester"]
[Result "1-0"]
[WhiteElo "2259"]
[BlackElo "1006"]
[TimeControl "300"]
[EndTime "8:46:32 PDT"]
[Termination "Vladyslav2008 won by checkmate"]

1. e4 c5 2. Nf3 Nc6 3. d4 cxd4 4.
Nxd4 Nxd4 5. Qxd4 Nf6 6. e5 Nh5 7. g4 e6 8. gxh5 d5 9. exd6 Bxd6 10. Qxg7 Rg8 11. Qxg8+ Kd7 12. Bb5+ Kc7 13. Qxd8+ Kb8 14.
Bg5 Be7 15. Bxe7 a6 16. Bd6+ Ka7 17. Bc5+ b6 18. Qxb6# 1-0

[Event "Live Chess"]
[Site "Chess.com"]
[Date "2024.06.02"]
[Round "-"]
[White "CarmelJane"]
[Black "santhoshrlokesh"]
[Result "1-0"]
[WhiteElo "2043"]
[BlackElo "1508"]
[TimeControl "300"]
[EndTime "8:46:38 PDT"]
[Termination "CarmelJane won by resignation"]

1. b3 d5 2. Bb2 Bf5 3. f4 e6 4. Nf3 Bc5 5. e3 Nc6 6. Be2 Nf6 7.
O-O h5 8. Ne5 Nxe5 9. fxe5 Ne4 10. Nc3 h4 11. Nxe4 Bxe4 12. d4 Bb6 13. Bf3 Qe7 14.
Bxe4 dxe4 15. Qg4 f5 16. exf6 gxf6 17. Qxe4 O-O-O 18. c4 c6 19. d5 f5 20. Qxe6+ Qxe6 21. dxe6 Rhe8 22. Rxf5 Rxe6 23. Bd4 Bxd4 24. exd4 Rxd4 25.
Rf2 h3 26. gxh3 Rg6+ 27. Rg2 Rxg2+ 28. Kxg2 Kc7 29. Rf1 Rd2+ 30. Rf2 Rxf2+ 31. Kxf2 Kd7 32. Ke3 Ke6 33. Ke4 b6 34. b4 a6 35. a3 a5 36.
bxa5 bxa5 37. c5 a4 38. h4 Kf6 39. h5 Kg5 40. Ke5 Kxh5 41. Kd6 Kh4 42. Kxc6 Kh3 43. Kb5 Kxh2 44. c6 Kg3 45. c7 Kf4 46. c8=Q Ke5 47.
Qc4 Kd6 48. Qxa4 Kc7 49. Qc4+ Kb7 50. Qf7+ Ka8 51. Kc6 1-0

[Event "Live Chess"]
[Site "Chess.com"]
[Date "2024.06.02"]
[Round "-"]
[White "NeilDruggan73"]
[Black "CheDA13"]
[Result "1/2-1/2"]
[WhiteElo "1712"]
[BlackElo "1510"]
[TimeControl "300"]
[EndTime "8:46:44 PDT"]
[Termination "Game drawn by repetition"]

1. d4 Nf6 2. Bg5 d5 3. Bxf6 gxf6 4. e3 Bf5 5. Nf3 e6 6. b3 c6 7. Bd3 Bg6 8. O-O Nd7 9. Nh4 Bxd3 10. Qxd3 Bd6 11. c4 Rc8 12. Nd2 O-O 13. f4 Kh8 14.
Rf3 f5 15. Rh3 f6 16. Rf1 Qe7 17. Rff3 Rg8 18. c5 Bc7 19. b4 Rg7 20. Nf1 Rcg8 21. Ng3 Qf7 22. b5 Rb8 23. a4 Nf8 24. Ne2 Ng6 25. Nxg6+ Rxg6 26. Ng3 Qe7 27. Qe2 Rbg8 28. Rh5 Rg4 29. Rh6 R4g6 30. Rxg6 Rxg6 31. Nh5 Qf7 32. Rh3 Bd8 33. Ng3 Rg7 34. bxc6 bxc6 35. Qa6 Qb7 36.
Qe2 Qf7 37. Qa6 Qb7 38. Qe2 Qf7 1/2-1/2

[Event "Live Chess"]
[Site "Chess.com"]
[Date "2024.06.02"]
[Round "-"]
[White "LL220284LL"]
[Black "halfberg"]
[Result "1-0"]
[WhiteElo "2472"]
[BlackElo "1892"]
[TimeControl "300"]
[EndTime "8:47:15 PDT"]
[Termination "LL220284LL won by resignation"]

1. g3 c6 2. Bg2 d5 3. b3 e6 4.
Bb2 Nf6 5. Nf3 Be7 6. O-O O-O 7. d3 Nbd7 8. Nbd2 Re8 9. e4 dxe4 10. dxe4 Nf8 11.
Qe2 Ng6 12. Rfd1 Qc7 13. h4 h5 14. Ng5 e5 15. Nc4 b6 16. Ne3 Ng4 17. Nf5 Bxg5 18. hxg5 Bxf5 19. exf5 Ne7 20. f3 Nxf5 21. fxg4 Nxg3 22.
Qe3 h4 23. g6 f6 24. Rd2 Rad8 25. Rad1 Rxd2 26. Rxd2 Rd8 27. g5 Rxd2 28. Qxd2 Qe7 29. Qd3 f5 30. Qc4+ Kh8 31. Qxc6 Qd8 32. Bxe5 Qd1+ 33.
Kh2 1-0

[Event "Live Chess"]
[Site "Chess.com"]
[Date "2024.06.02"]
[Round "-"]
[White "MaximKovalenko83"]
[Black "degringolade64"]
[Result "1-0"]
[WhiteElo "2184"]
[BlackElo "2074"]
[TimeControl "300"]
[EndTime "8:47:41 PDT"]
[Termination "MaximKovalenko83 won by resignation"]

1. e4 e5 2. f4 Nc6 3. Nf3 exf4 4. d4 g5 5. c3 d6 6. Bc4 h6 7.
O-O Bg7 8. Qe1 Qe7 9. Nbd2 Bd7 10. b4 O-O-O 11. a4 f5 12. a5 Nf6 13. e5 dxe5 14.
dxe5 Ng4 15. e6 Be8 16. Nb3 Nxb4 17. Ba3 c5 18. cxb4 Bxa1 19. Qxa1 Ne3 20. Rc1 Bh5 21.
Nxc5 Bxf3 22. gxf3 Kb8 23. Qe5+ Qd6 24. Nd7+ Rxd7 25.
Qxh8+ Kc7 26. Bb5+ Qc6 27. Bxc6 1-0

[Event "Live Chess"]
[Site "Chess.com"]
[Date "2024.06.02"]
[Round "-"]
[White "KyryloPoluliakh"]
[Black "BigAl"]
[Result "0-1"]
[WhiteElo "1531"]
[BlackElo "2539"]
[TimeControl "300"]
[EndTime "8:47:54 PDT"]
[Termination "BigAl won by resignation"]

1. c4 Nf6 2. Nc3 g6 3. g3 Bg7 4. Bg2 O-O 5. e3 d6 6. d4 Nbd7 7. Nge2 e5 8. O-O h5 9. h4 Re8 10. b3 Ng4 11. Bb2 g5 12. hxg5 Qxg5 13. Ne4 Qg6 14. f3 Nxe3 15. Qd3 Nxf1 16. Rxf1 exd4 17. Nxd4 Nc5 18. Nxc5 dxc5 19. Qxg6 fxg6 0-1

[Event "Live Chess"]
[Site "Chess.com"]
[Date "2024.06.02"]
[Round "-"]
[White "GerardATHart"]
[Black "Ninifu"]
[Result "1-0"]
[WhiteElo "1411"]
[BlackElo "1991"]
[TimeControl "300"]
[EndTime "8:48:09 PDT"]
[Termination "GerardATHart won by resignation"]

1. e4 d5 2. exd5 Nf6 3. d4 Bg4 4. Be2 Bxe2 5. Nxe2 Qxd5 6. Nbc3 Qh5 7. O-O Nc6 8. h3 O-O-O 9. Be3 e5 10. a3 exd4 11.
Nxd4 Qxd1 12. Raxd1 Ne5 13. Ndb5 Nc6 14. Rxd8+ Kxd8 15. Rd1+ Kc8 16. Bf4 a6 17. Nxc7 Bc5 18. N7d5 Nxd5 19.
Nxd5 Nd4 20. c3 Ne2+ 21. Kf1 Nxf4 22. Nxf4 Re8 23. Re1 Rd8 24. Re5 Bd6 25. Re4 Bc5 26. Rc4 b6 27. b4 Kb7 28. bxc5 bxc5 29. Rxc5 Rd2 30. Ke1 Ra2 31. Nd5 Rxa3 32. Rc7+ Kb8 33. Rxf7 Ra5 34. Ne3 Rc5 35. Kd2 a5 36. Rxg7 a4 37.
Rxh7 a3 38. Rh4 Ra5 39. Nc2 a2 40. Rb4+ Kc7 41. Na1 Kd6 42. Rb2 Kd5 43. Kc2 Kc4 44.
f4 Rf5 45. g4 Rxf4 46. Rb4+ 1-0

[Event "Live Chess"]
[Site "Chess.com"]
[Date "2024.06.02"]
[Round "-"]
[White "Colm_Buckley"]
[Black "juniortay"]
[Result "0-1"]
[WhiteElo "1891"]
[BlackElo "2248"]
[TimeControl "300"]
[EndTime "8:48:22 PDT"]
[Termination "juniortay won on time"]

1. d4 Nf6 2. c4 e5 3. dxe5 Ng4 4. Nf3 Bc5 5. e3 Nc6 6. Nc3 O-O 7. Be2 a5 8. O-O Ngxe5 9. b3 Nxf3+ 10. Bxf3 Ne5 11. Bb2 Ra6 12. Be4 Rh6 13. g3 d6 14. Nd5 Bg4 15.
f3 Bxe3+ 16. Nxe3 Bh3 17. Rf2 Qg5 18. Bxe5 dxe5 19. Ng4 Bxg4 20. fxg4 Qe3 21. Qd3 Qb6 22. Kg2 Rxh2+ 23. Kxh2 Qxf2+ 24. Kh3 g6 25. Rf1 Qxa2 26.
Bxb7 Rb8 27. Qd5 Rf8 28. Qxe5 Qxb3 29. Bd5 Qb8 30. Qe7 Qd8 31. Bxf7+ Kg7 32. Qe5+ Kh6 33. Kg2 Qd2+ 34. Rf2 Qd1 35. g5+ Kh5 36. Qf4 Qg4 37. Qxg4+ Kxg4 38. Be6+ Rf5 39. Bxf5+ gxf5 40. Ra2 Kxg5 41.
Rxa5 h5 42. Rc5 c6 43. Rxc6 Kg4 44. Rc5 h4 45. gxh4 f4 0-1

[Event "Live Chess"]
[Site "Chess.com"]
[Date "2024.06.02"]
[Round "-"]
[White "Karasyov2"]
[Black "PhilMaybury64"]
[Result "1-0"]
[WhiteElo "1315"]
[BlackElo "1489"]
[TimeControl "300"]
[EndTime "8:48:24 PDT"]
[Termination "Karasyov2 won on time"]

1. e4 e5 2. Nf3 d6 3. d4 Bg4 4.
dxe5 Nd7 5. exd6 Bxd6 6. Be2 Qe7 7. O-O Ngf6 8. Re1 O-O-O 9. Nc3 a6 10. a3 Nc5 11. Nd5 Nxd5 12. exd5 Ne4 13. b4 Qf6 14. Rb1 Nc3 15. Qd3 Nxb1 16. Bg5 Qf5 17. Bxd8 Qxd3 18. cxd3 Nc3 19. Bh4 Re8 20. Kf1 Nxe2 21. Rxe2 Rxe2 22. Kxe2 f6 23. h3 Bh5 24. g4 Bf7 25. Nd4 Bxd5 26. Nf5 Bf8 27. Bg3 Kd7 28. Ke3 a5 29. bxa5 g6 30. Nd4 Bxa3 31. Nb5 Bd6 32. Nxd6 cxd6 33.
Kd4 Bc6 34. f4 Ke6 35. g5 f5 36. h4 Kd7 37. Be1 Kc8 38. Bb4 Kd7 39. Kc4 Bf3 40. Kb5 Ke6 41. Kb6 Bc6 42. Kc7 Kd5 43.
Bxd6 Kd4 44. a6 Bf3 45. a7 b5 46. Kb8 Kxd3 47. a8=Q Bxa8 48. Kxa8 Kc4 49. Kb7 b4 50. Bxb4 1-0

[Event "Live Chess"]
[Site "Chess.com"]
[Date "2024.06.02"]
[Round "-"]
[White "gobbles19"]
[Black "stevochess11"]
[Result "1-0"]
[WhiteElo "2245"]
[BlackElo "1706"]
[TimeControl "300"]
[EndTime "8:48:37 PDT"]
[Termination "gobbles19 won by checkmate"]

1. e4 c5 2. d4 g6 3. Bc4 Bg7 4. Nf3 cxd4 5. c3 Nf6 6. e5 Ng4 7. cxd4 h5 8. h3 Nh6 9. O-O Nf5 10. Nc3 Nc6 11. Re1 Qb6 12. d5 Ncd4 13. Nxd4 Nxd4 14.
Be3 Bxe5 15. Na4 Qb4 16. Bxd4 Bxd4 17. Qxd4 Qxa4 18. Qxh8# 1-0

[Event "Live Chess"]
[Site "Chess.com"]
[Date "2024.06.02"]
[Round "-"]
[White "JohanKjeldahl"]
[Black "upoe610"]
[Result "1-0"]
[WhiteElo "1831"]
[BlackElo "2152"]
[TimeControl "300"]
[EndTime "8:48:38 PDT"]
[Termination "JohanKjeldahl won by resignation"]

1. c4 c5 2. Nc3 Nc6 3. Nf3 g6 4.
d4 cxd4 5. Nxd4 Bg7 6. e3 Nf6 7. Be2 O-O 8. O-O d6 9. b3 Nd7 10.
Bb2 Nxd4 11. exd4 Nf6 12. Bf3 Rb8 13. Re1 Be6 14. d5 Bf5 15. Nb5 a6 16. Nd4 Bd7 17. Qd2 b5 18. Nc6 Bxc6 19. dxc6 bxc4 20. bxc4 Qc7 21.
Bxf6 Bxf6 22. Rab1 Rxb1 23. Rxb1 Rb8 24. Rb7 Rxb7 25.
cxb7 h5 26. Qb4 Qb8 27. Qb6 d5 28. Bxd5 Be5 29. Qxa6 Bxh2+ 30. Kh1 Bf4 31. Qa8 Kg7 32. a4 Qe5 33. g3 Qe1+ 34. Kg2 h4 35. gxf4 h3+ 36. Kxh3 Qf1+ 37. Kg3 Qd3+ 38. Bf3 g5 39. b8=Q g4 40. Qh8+ Kg6 41. Qag8+ Kf5 42. Qgh7+ 1-0